 Dungeon Crawl Stone Soup version 0.21-a0-349-g0c35859 (webtiles) character file.

132 VirginKiller the Ruffian (level 4, -6/36 HPs)
             Began as a Demigod Skald on Oct 8, 2017.
             Mangled by a gnoll
             ... wielding a +0 flail
              (14 damage)
             ... on level 2 of the Dungeon.
             The game lasted 00:15:35 (2625 turns).

VirginKiller the Ruffian (Demigod Skald)            Turns: 2625, Time: 00:15:36

Health: -6/36      AC:  9    Str: 16    XL:     4   Next: 62%
Magic:  5/9        EV: 12    Int: 17    God:
Gold:   49         SH:  3    Dex: 15    Spells: 0/6 levels left

rFire    . . .     SeeInvis .     - Unarmed
rCold    . . .     Gourm    .   (no shield)
rNeg     . . .     Faith    .   a - +0 leather armour
rPois    .         Spirit   .   (no helmet)
rElec    .         Reflect  +   j - +0 cloak
rCorr    .         Harm     .   (no gloves)
MR       .....     Clarity  +   (no boots)
Stlth    +.........             q - +3 amulet of reflection
HPRegen  0.12/turn              u - +3 ring of protection
MPRegen  0.11/turn              (no ring)

@: infused
A: slimy green scales 1, clarity, high mp 1, sturdy frame 1
a: no special abilities


You were on level 2 of the Dungeon.
You were hungry.

You visited 1 branch of the dungeon, and saw 3 of its levels.

You collected 49 gold pieces.

Inventory:

Armour
 a - a +0 leather armour (worn)
 j - a +0 cloak (worn)
 w - a +0 ring mail
Jewellery
 q - a +3 amulet of reflection (around neck)
 u - a +3 ring of protection (left hand)
Wands
 b - a wand of confusion (30/48)
Scrolls
 f - a scroll of teleportation
 i - a scroll of amnesia
 p - a scroll of identify
Potions
 h - a potion of flight {unknown}
 k - a potion of invisibility
 l - 2 potions of curing
 o - a potion of mutation
 s - a potion of brilliance {unknown}
 x - a potion of cancellation {unknown}
Comestibles
 c - 2 bread rations
 d - 2 chunks of flesh
 n - a meat ration
 r - a fruit


   Skills:
 - Level 1.7 Fighting
 - Level 0.8 Armour
 - Level 1.7 Dodging
 * Level 4.7 Unarmed Combat
 - Level 1.7 Spellcasting
 - Level 2.6 Charms


You couldn't memorise any spells.
You knew the following spells:

 Your Spells              Type           Power        Failure   Level  Hunger
a - Infusion              Chrm           ##..         7%          1    #......
b - Song of Slaying       Chrm           ##......     11%         2    ###....
c - Regeneration          Chrm/Necr      #.........   34%         3    ###....


Dungeon Overview and Level Annotations

Branches:
Dungeon (3/15)


Innate Abilities, Weirdness & Mutations

You have an increased reservoir of magic. (+10% MP)
You are partially covered in slimy green scales. (AC +2)
You possess an exceptional clarity of mind.
Your movements are slightly less encumbered by armour. (ER -2)


Message History

You closely miss the gnoll. The gnoll hits you with a flail!
You hit the gnoll.
The gnoll is lightly wounded.
You block the gnoll's attack.
You hit the gnoll.
The gnoll is severely wounded.
The gnoll barely misses you.
You hit the gnoll.
The gnoll is severely wounded.
You closely miss the gnoll.
The gnoll is severely wounded.
The gnoll hits you but does no damage.
You closely miss the gnoll.
The gnoll is severely wounded.
The gnoll hits you with a flail.
* * * LOW HITPOINT WARNING * * *
You closely miss the gnoll.
The gnoll is severely wounded.
The gnoll hits you with a flail!
You die...

#.# #.)..... #.#
#....>.. #####.#
#...#... #...#.#
#.#.#...
#.#.#.######.#.#...
#............#.#...
#.###..........<...
#.##############.>.
#.@g...........(.#.
##################.
##


You could see a gnoll.

Vanquished Creatures
  A hound (D:2)
  Ijyb (D:3)
  A gnoll (D:3)
  A worm (D:2)
  3 dart slugs (D:1)
  A leopard gecko (D:2)
  3 orcs (D:3)
  2 giant cockroaches (D:1)
  8 goblins
  5 hobgoblins
  4 jackals
  2 quokkas
  5 bats
  3 frilled lizards
  9 kobolds
  2 rats
51 creatures vanquished.

Notes
Turn   | Place    | Note
-------+----------+-------------------------------------------
     0 | D:1      | VirginKiller the Demigod Skald began the quest for the Orb.
     0 | D:1      | Reached XP level 1. HP: 17/17 MP: 5/5
    75 | D:1      | Reached skill level 2 in Unarmed Combat
   177 | D:1      | Reached XP level 2. HP: 3/24 MP: 5/7
   331 | D:1      | Learned a level 2 spell: Song of Slaying
   672 | D:1      | Reached skill level 3 in Unarmed Combat
   886 | D:1      | Reached XP level 3. HP: 29/29 MP: 6/8
  1347 | D:2      | Found a radiant altar of Vehumet.
  1363 | D:2      | Found a sparkling altar of Nemelex Xobeh.
  1464 | D:2      | Found an ancient bone altar of Kikubaaqudgha.
  1501 | D:2      | Found an iron altar of Okawaru.
  1692 | D:2      | Reached skill level 4 in Unarmed Combat
  1782 | D:2      | Reached XP level 4. HP: 23/36 MP: 9/9
  1787 | D:2      | Learned a level 3 spell: Regeneration
  2308 | D:3      | Noticed Ijyb
  2336 | D:3      | Gained mutation: You possess an exceptional clarity of mind. [potion of mutation]
  2336 | D:3      | Gained mutation: Your movements are slightly less encumbered by armour. (ER -2) [potion of mutation]
  2336 | D:3      | Gained mutation: You are partially covered in slimy green scales. (AC +2) [potion of mutation]
  2377 | D:3      | Killed Ijyb
  2625 | D:2      | Mangled by a gnoll

Vault maps used:
D:1:      minmay_arrival_solitary_statue, minmay_tiny_reverse_x
D:2:      okawaru_ov_weapons_minmay, lemuel_round_altar,
          kiku_gazebo_garden_becter, nemelex_xobeh_ov_fountains_minmay,
          first_bread
D:3:      uniq_jessica, uniq_ijyb, uniq_terence

Skill      XL: |  1  2  3 |
---------------+----------+-----
Unarmed Combat | 2 3 4 |  4.7
Fighting       | |  1.7
Armour         | |  0.8
Dodging        | |  1.7
Spellcasting   | |  1.7
Charms         | |  2.6

Action                   |  1- 3 |  4- 6 || total
-------------------------+-------+-------++-------
Melee: Unarmed           |    96 |    85 ||   181
       Punch             |     1 |       ||     1
 Cast: Infusion          |    20 |     5 ||    25
       Song of Slaying   |     3 |     3 ||     6
Evoke: Wand              |       |     2 ||     2
  Use: Scroll            |       |     9 ||     9
       Potion            |       |     2 ||     2
 Stab: Sleeping          |     1 |       ||     1
       Invisible         |       |     9 ||     9
  Eat: Chunk             |     3 |     1 ||     4
       Fruit             |       |     2 ||     2
Armor: Leather armour    |    26 |    15 ||    41
Dodge: Dodged            |    52 |    47 ||    99
Block: Other             |       |     2 ||     2

Table legend:
 A = Spawn XP
 B = Non-spawn XP
 C = Spawn XP percentage of total XP
 D = Spawn monster count
 E = Non-spawn monster count
 F = Spawn count percentage of total count
 G = Total turns spent on level
                    A         B        C        D         E        F      G
               +---------+---------+-------+---------+---------+-------+---------
         Total |       0 |     189 |   0.0 |       0 |      51 |   0.0 |  2625
               +---------+---------+-------+---------+---------+-------+---------
           D:1 |       0 |      51 |   0.0 |       0 |      26 |   0.0 |  1318
           D:2 |       0 |      71 |   0.0 |       0 |      15 |   0.0 |  1018
           D:3 |       0 |      67 |   0.0 |       0 |      10 |   0.0 |   289
               +---------+---------+-------+---------+---------+-------+---------
